 Dungeon Crawl Stone Soup version 0.31-a0-174-g85c54bcb58 (webtiles) character file.

Game seed: 9040275023377238177

253 qw the Shooter (level 6, -2/39 HPs)
             Began as a Gargoyle Hunter on June 15, 2023.
             Was an Initiate of Okawaru.
             Slain by Blork the orc
             ... wielding a +4 scimitar of holy wrath
              (9 damage)
             ... on level 4 of the Dungeon.
             The game lasted 00:01:10 (2359 turns).

qw the Shooter (Gargoyle Hunter)                    Turns: 2359, Time: 00:01:11

Health: -2/39      AC: 10    Str: 14    XL:     6   Next: 14%
Magic:  6/6        EV: 11    Int: 10    God:    Okawaru [......]
Gold:   11         SH:  0    Dex: 15    Spells: 5/5 levels left

rFire   . . .        Y - +0 shortbow
rCold   . . .        (shield currently unavailable)
rNeg    + . .        g - +0 ring mail
rPois   inf          (no helmet)
rElec   +            (no cloak)
rCorr   .            f - +0 pair of gloves
SInv    .            (no boots)
Will    .....        e - amulet of the acrobat
Stlth   +            (no ring)
HPRegen 0.26/turn    (no ring)
MPRegen 0.10/turn

%: acrobat
@: no status effects
A: sickness immunity, AC +4, negative energy resistance 1, electricity
resistance, torment resistance 1, petrification resistance
a: Renounce Religion


You were on level 4 of the Dungeon.
You worshipped Okawaru.
Okawaru was noncommittal.
You visited 1 branch of the dungeon, and saw 4 of its levels.

You collected 128 gold pieces.
You spent 117 gold pieces at shops.


Innate Abilities, Weirdness & Mutations

You are immune to sickness and miasma.
Your stone body is resilient. (AC +4)
You are immune to poison.
You resist negative energy. (rN+)
You are resistant to electric shocks. (rElec)
You are resistant to unholy torment.
You are immune to petrification.


   Skills:
 - Level 4.5 Fighting
 + Level 6.0 Ranged Weapons
 - Level 1.3 Armour
 - Level 1.5 Dodging
 - Level 1.1 Stealth


You had 5 spell levels left.
You didn't know any spells.
Your spell library was empty.

Inventory:

Hand Weapons
 Y - a +0 shortbow (weapon)
Armour
 f - a +0 pair of gloves (worn)
 g - a +0 ring mail (worn)
Jewellery
 e - an amulet of the acrobat (around neck)
Scrolls
 a - 6 scrolls of identify
 c - a scroll of poison {unknown}
Potions
 b - a potion of magic
 j - 2 potions of curing

Dungeon Overview and Level Annotations

Branches:
Dungeon (4/15)
 Temple: D:4-7

Altars:
Dithmenos
Nemelex Xobeh
Okawaru
Sif Muna
The Shining One

Shops:
D:3 *   D:4 *

Annotations:
D:4 Blork the orc


Message History

The arrow hits Blork the orc but does no damage.
Blork the orc is moderately wounded.
You shoot an arrow. The arrow hits Blork the orc.
Blork the orc is moderately wounded.
You shoot an arrow.
The arrow hits Blork the orc but does no damage.
Blork the orc is moderately wounded.
You shoot an arrow.
The arrow hits Blork the orc but does no damage.
Blork the orc is moderately wounded.
Blork the orc hits you with a +4 scimitar of holy wrath!
You shoot an arrow.
The arrow hits Blork the orc but does no damage.
Blork the orc is moderately wounded.
Blork the orc points at you and mumbles some strange words.
The puff of flame hits you!
You shoot an arrow. The arrow barely misses Blork the orc.
Blork the orc hits you with a +4 scimitar of holy wrath.
You shoot an arrow. The arrow hits Blork the orc.
Blork the orc is moderately wounded.
Blork the orc gestures at you while chanting.
The puff of frost hits you.
You shoot an arrow. The arrow barely misses Blork the orc.
Blork the orc hits you with a +4 scimitar of holy wrath.
Blork the orc barely misses you.
You shoot an arrow. The arrow hits Blork the orc.
Blork the orc is heavily wounded.
Blork the orc barely misses you.
You shoot an arrow.
The arrow completely misses Blork the orc.
Blork the orc barely misses you.
You shoot an arrow. The arrow hits Blork the orc.
Blork the orc is heavily wounded.
Blork the orc closely misses you.
You shoot an arrow. The arrow hits Blork the orc!
Blork the orc is severely wounded.
Blork the orc gestures at you while chanting.
The puff of frost hits you!
Blork the orc hits you with a +4 scimitar of holy wrath!
You die...

..# ... ######### #.#
........# #.# ### ###.###
#!# #. #.# #.....# #.# #.
#.# #.###.###o###.## #.#
#.# #....@##...# #.####
##.###.######>..### #.....
#.......###.....<.#########
#..#.##.##..........#
#..#.##.##........#.#
#..#......<.....###.#
#..####.##...)..# #.#######
#..............## #...?....
#.......######## #########


You could see Blork the orc.

Vanquished Creatures
  A scorpion (D:4)
  7 adders
  4 gnolls (D:2)
  A worm (D:4)
  4 dart slugs
  An orc (D:4)
  2 endoplasms
  5 giant cockroaches
  6 goblins
  5 hobgoblins
  3 jackals (D:4)
  5 quokkas
  7 ball pythons
  8 bats
  4 frilled lizards
  9 kobolds
  4 rats
76 creatures vanquished.

Notes
Turn   | Place    | Note
-------+----------+-------------------------------------------
     0 | D:1      | qw the Gargoyle Hunter began the quest for the Orb.
     0 | D:1      | Reached XP level 1. HP: 12/12 MP: 1/1
     0 | D:1      | 0 ||| qw: Version: 0.2-a-29-g511e9b1
     0 | D:1      | 0 ||| qw: Game counter: 5310
     0 | D:1      | 0 ||| qw: Always use a shield: true
     0 | D:1      | 0 ||| qw: God list: Okawaru
     0 | D:1      | 0 ||| qw: Allow faded altars: false
     0 | D:1      | 0 ||| qw: Do Orc after D:15 true
     0 | D:1      | 0 ||| qw: Do second Lair branch before Depths: true
     0 | D:1      | 0 ||| qw: Lair rune preference: random
     0 | D:1      | 0 ||| qw: Plans: Normal, Zot:1-4, Slime:5, God:TSO, Crypt,
                  | Tomb, Abyss, Pan, Hells, Win
     0 | D:1      | 0 ||| PLANNING D:1-11
   109 | D:1      | Reached XP level 2. HP: 15/17 MP: 2/2
   682 | D:1      | 682 ||| UPGRADING to +0 pair of gloves.
   687 | D:1      | 687 ||| UPGRADING to +0 ring mail.
   697 | D:1      | 697 ||| DROPPING +0 leather armour.
   698 | D:1      | 698 ||| READING scroll labelled XISOFI ZANA.
   699 | D:1      | 699 ||| READING scroll labelled KIHIFAFYCKO.
   700 | D:1      | 700 ||| READING scroll labelled KESKAI OCIE.
   701 | D:1      | 701 ||| READING scroll labelled XEOFRUADIA.
   702 | D:1      | 702 ||| DROPPING scroll of butterflies.
   713 | D:2      | Reached XP level 3. HP: 21/21 MP: 3/3
   744 | D:2      | Reached skill level 1 in Armour
   788 | D:2      | HP: 3/21 [gnoll/+0 club (4)]
   789 | D:2      | Reached skill level 5 in Ranged Weapons
   795 | D:2      | 795 ||| FLEEEEING.
   878 | D:2      | 878 ||| Stepping ~*~*~tactically~*~*~ (outnumbered).
   884 | D:2      | Reached XP level 4. HP: 27/27 MP: 4/4
   885 | D:2      | Reached skill level 3 in Fighting
   992 | D:2      | You fall into a shaft and drop 2 floors!
  1034 | D:4      | 1034 ||| READING 2 scrolls labelled JOZXEPPIHAMM.
  1035 | D:4      | 1035 ||| DRINKING 2 lumpy emerald potions.
  1038 | D:4      | 1038 ||| FLEEEEING.
  1039 | D:4      | 1039 ||| FLEEEEING.
  1040 | D:4      | 1040 ||| STAIRDANCE
  1058 | D:3      | Reached XP level 5. HP: 28/32 MP: 5/5
  1096 | D:3      | Found a sparkling altar of Nemelex Xobeh.
  1323 | D:2      | 1323 ||| READING scroll labelled MADE KE XIVU.
  1324 | D:2      | 1324 ||| READING scroll labelled YMNOIRHOURR.
  1355 | D:3      | Found Mylu Cae's Assorted Antiques.
  1379 | D:3      | 1379 ||| SHOPLISTING dented amethyst amulet (110 gold, have
                  | 65).
  1379 | D:3      | 1379 ||| BUYING ruby potion (19 gold).
  1379 | D:3      | Bought a ruby potion for 19 gold pieces
  1379 | D:3      | 1379 ||| SHOPLISTING sapphire ring (110 gold, have 46).
  1379 | D:3      | 1379 ||| BUYING scroll labelled EGUDUE RIHI (22 gold).
  1379 | D:3      | Bought a scroll labelled EGUDUE RIHI for 22 gold pieces
  1379 | D:3      | 1379 ||| SHOPLISTING scroll of identify (44 gold, have 24).
  1388 | D:3      | Found a shadowy altar of Dithmenos.
  1452 | D:3      | Found a glowing golden altar of the Shining One.
  1471 | D:3      | Found a shimmering blue altar of Sif Muna.
  1518 | D:3      | 1518 ||| Stepping ~*~*~tactically~*~*~ (outnumbered).
  1804 | D:3      | Reached skill level 6 in Ranged Weapons
  1822 | D:3      | 1822 ||| UPGRADING to amulet of the acrobat.
  1827 | D:3      | 1827 ||| READING scroll labelled EGUDUE RIHI.
  1831 | D:3      | 1831 ||| DRINKING 3 ruby potions.
  1832 | D:3      | 1832 ||| READING 3 scrolls of identify.
  1832 | D:3      | 1832 ||| IDENTIFYING smoky inky potion
  1833 | D:3      | 1833 ||| DROPPING 2 potions of enlightenment.
  1844 | D:4      | 1844 ||| STAIRDANCE
  1981 | D:4      | Found an iron altar of Okawaru.
  1982 | D:4      | 1982 ||| PLANNING OKAWARU WORSHIP
  1991 | D:4      | Became a worshipper of Warmaster Okawaru
  1992 | D:4      | 1992 ||| PLANNING D:1-11
  2003 | D:4      | Found Uthryifeef's Assorted Antiques.
  2013 | D:4      | 2013 ||| BUYING potion of curing (57 gold).
  2013 | D:4      | Bought a potion of curing for 57 gold pieces
  2013 | D:4      | 2013 ||| BUYING scroll labelled LEPECU EFREINN (19 gold).
  2013 | D:4      | Bought a scroll labelled LEPECU EFREINN for 19 gold pieces
  2013 | D:4      | 2013 ||| SHOPLISTING scroll of identify (38 gold, have 5).
  2143 | D:4      | Reached XP level 6. HP: 22/39 MP: 6/6
  2346 | D:4      | Noticed Blork the orc
  2359 | D:4      | HP: 7/39 [Blork the orc/puff of frost (11)]
  2359 | D:4      | Slain by Blork the orc

Levels and vault maps discovered:
D:1:      lightli_arrival_noodles, layout_loops_ring, minmay_tetromino_l2
D:2:      layout_rooms
D:3:      layout_rooms, mainiacjoe_overflow_brackets,
          nicolae_sif_muna_condensation, nicolae_dithmenos_the_darkroom,
          mainiacjoe_overflow_chevrons, serial_shops, shop,
          nicolae_concentric_dashed_squares_wild
D:4:      layout_loops_ring, overflow_temple_1_default, serial_shops, shop,
          kennysheep_nondescript, minmay_misc_feat_alley, uniq_blork_the_orc

Skill      XL: |  1  2  3  4  5 |
---------------+----------------+-----
Armour         | 1 |  1.3
Ranged Weapons | 5 6 |  6.0
Fighting       | 3 4 |  4.5
Dodging        | |  1.5
Stealth        | |  1.1

Action                     |  1- 3 |  4- 6 || total
---------------------------+-------+-------++-------
   Fire: Shortbow          |   103 |   169 ||   272
    Use: Scroll            |     4 |     5 ||     9
         Potion            |       |     2 ||     2
 Armour: Leather armour    |     6 |       ||     6
         Ring mail         |    21 |    43 ||    64
  Dodge: Dodged            |    24 |    51 ||    75

Table legend:
 A = Non-vault XP
 B = Vault XP
 C = Vault XP percentage of total XP
 D = Non-vault monster count
 E = Vault monster count
 F = Vault count percentage of total count
                 A         B        C        D         E       F
            +---------+---------+-------+---------+---------+-------
      Total |     360 |       2 |   0.6 |      75 |       1 |   1.3
            +---------+---------+-------+---------+---------+-------
        D:1 |      31 |       2 |   6.1 |      18 |       1 |   5.3
        D:2 |     122 |       0 |   0.0 |      22 |       0 |   0.0
        D:3 |      62 |       0 |   0.0 |      20 |       0 |   0.0
        D:4 |     145 |       0 |   0.0 |      15 |       0 |   0.0
            +---------+---------+-------+---------+---------+-------
